 Dungeon Crawl Stone Soup version bcrawl-1.18.1 (webtiles) character file.

Game seed: 7549792123361389148

39 Morbidden the Insei (level 3, 0/23 HPs)
             Began as an Octopode Transmuter on Nov 11, 2019.
             Slain by a gnoll (9 damage)
             ... on level 2 of the Dungeon.
             The game lasted 00:02:03 (1358 turns).

Morbidden the Insei (Octopode Transmuter)           Turns: 1358, Time: 00:02:04

Health: 0/23       AC:  1    Str:  9    XL:     3   Next: 45%
Magic:  6/6        EV: 13    Int: 16    God:
Gold:   55         SH:  0    Dex: 12    Spells: 5/6 levels left

rFire    . . .     SeeInvis .     - Unarmed
rCold    . . .     Gourm    .   (no shield)
rNeg     . . .     Faith    .   (helmet restricted)
rPois    .         Spirit   .   (cloak restricted)
rElec    .         Reflect  .   (no amulet)
rCorr    .         Harm     .   (no ring)
MR       .....                  (no ring)
Stlth    +++.......             (no ring)
HPRegen  0.07/turn              (no ring)
MPRegen  0.10/turn              (no ring)
                                (no ring)
                                (no ring)
                                (no ring)

@: no status effects
A: almost no armour, stealthy swim, amphibious, 8 rings, constrict 8, camouflage
1, gelatinous body 1
a: no special abilities


You were on level 2 of the Dungeon.
You were not hungry.

You visited 1 branch of the dungeon, and saw 2 of its levels.

You collected 55 gold pieces.

Inventory:

Missiles
 a - 442 arrows
Scrolls
 e - a scroll of remove curse {unknown}
 h - a scroll of fear {unknown}
 i - 2 scrolls of identify {unknown}
 j - a scroll of enchant weapon {unknown}
Potions
 b - a potion of might {unknown}
 c - a potion of lignification
 g - 2 potions of heal wounds {unknown}
 k - a potion of brilliance {unknown}
Comestibles
 d - a ration {!d}
 f - a chunk of flesh


   Skills:
 * Level 1.3 Fighting
 + Level 2.1 Dodging
 + Level 1.0 Stealth
 + Level 3.4 Unarmed Combat
 * Level 2.4 Spellcasting
 * Level 2.4 Transmutations


You had 5 spell levels left.
You knew the following spells:

 Your Spells              Type           Power        Failure   Level  Hunger
a - Beastly Appendage     Tmut           #.....       8%          1    #......

Your spell library contained the following spells:

 Spells                   Type           Power        Failure   Level  Hunger
 Sticks to Snakes         Tmut           #.......     11%         2    ###....
 Spider Form              Tmut/Pois      #..          36%         3    ###....
 Ice Form                 Ice/Tmut       #.......     77%         4    #####..
 Blade Hands              Tmut           #.........   90%         5    ######.


Dungeon Overview and Level Annotations

Branches:
Dungeon (2/12)

Altars:


Innate Abilities, Weirdness & Mutations

You cannot wear most types of armour.
You are very stealthy in the water. (Stealth+)
You are amphibious.
You can wear up to eight rings at the same time.
You can use your tentacles to constrict eight enemies at once.
Your skin changes colour to match your surroundings (Stealth+).
Your rubbery body absorbs attacks. (AC +1, EV +1)


Message History

The gnoll barely misses you.
You tentacle-slap the gnoll but do no damage.
You squeeze the gnoll, but do no damage.
The gnoll is lightly wounded.
You constrict the gnoll. x2; The gnoll barely misses you.
The gnoll misses you.
Unknown command.
You tentacle-slap the gnoll.
The gnoll is lightly wounded.
You constrict the gnoll. x2; The gnoll barely misses you. x2
Unknown command.
You tentacle-slap the gnoll but do no damage.
The gnoll is moderately wounded.
You constrict the gnoll, but do no damage.
You constrict the gnoll. The gnoll hits you.
Unknown command.
You tentacle-slap the gnoll.
The gnoll is heavily wounded.
You constrict the gnoll. x2; The gnoll completely misses you.
The gnoll hits you!
You die...

... ##.#####.#
#.##.# ... #.#
###.###.##.#
.....#.
.........###
.....#. ###.#....#
.g.#.#.## #....#
g.......####
#..###
.[...g.....#.#<.#
g..........#.#..#
#
#...........#@.#.+
#.........###gg#.#
###.....g........#
#...$.......รท###
...$#.........##
###############


You could see 2 gnolls.

Vanquished Creatures
  A gnoll (D:2)
  2 dart slugs (D:1)
  A leopard gecko (D:2)
  2 bats
  6 goblins
  2 hobgoblins
  2 quokkas
  A ball python (D:1)
  2 frilled lizards
  2 kobolds
  4 rats
25 creatures vanquished.

Notes
Turn   | Place    | Note
-------+----------+-------------------------------------------
     0 | D:1      | Morbidden the Octopode Transmuter began the quest for the
                  | Orb.
     0 | D:1      | Reached XP level 1. HP: 13/13 MP: 3/3
   121 | D:1      | Reached XP level 2. HP: 16/18 MP: 3/5
  1103 | D:2      | Reached XP level 3. HP: 20/23 MP: 4/6
  1192 | D:2      | Reached skill level 1 in Stealth
  1358 | D:2      | Slain by a gnoll

Skill      XL: |  1  2  3 |
---------------+----------+-----
Stealth        | 1 |  1.0
Fighting       | |  1.3
Dodging        | |  2.1
Unarmed Combat | |  3.4
Spellcasting   | |  2.4
Transmutations | |  2.4

Action                   || total
-------------------------++-------
Melee: Unarmed           ||    61
       Constrict         ||    14
       Kick              ||     6
       Tentacles         ||    11
       Punch             ||     1
 Cast: Beastly Appendage ||    16
 Stab: Sleeping          ||     7
  Eat: Chunk             ||     2
Armor: Skin              ||     4
Dodge: Dodged            ||    27
